Map: Ever Dream LE

Players

Denver

  • Race: Zerg Zerg
  • League: Master
  • Spawn Location: 1:00

BlyOnFire (Bly) - Winner!

  • Race: Zerg Zerg
  • Spawn Location: 7:00

Event: DreamHack SC2 Masters 2020 Summer Europe

VOD

Have the link to the VOD?

Description

Time

  • Played on: July 1, 2020, 11:51 a.m.
  • Length: 6:20

All games in this series

Show
View Real Time Build Order
Export as new Build Order

Denver Zerg 

Build Orders: Hatch First 

Get SALT Encoding   

  12  0:00  Drone  
  13  0:12  Overlord  
  13  0:16  Drone  
  14  0:31  Drone x2  
  16  0:47  Hatchery  
  15  0:51  Drone  
  15  0:55  Drone  
  17  0:59  Drone  
  18  1:09  Extractor  
  17  1:14  Spawning Pool  
  17  1:16  Drone  
  17  1:19  Drone  
  18  1:27  Drone  
  19  1:39  Drone  
  20  1:50  Drone  
  21  2:00  Overlord  
  21  2:01  Zergling x2, Queen x2  
  26  2:09  Metabolic Boost  
  26  2:10  Drone x2  
  28  2:21  Zergling x2  
  29  2:23  Drone  
  30  2:31  Zergling x2  
  30  2:35  Hatchery  
  30  2:40  Drone  
  31  2:46  Overlord  
  31  2:48  Baneling Nest  
  30  2:53  Drone x2  
  32  2:59  Zergling x2  
  32  3:05  Queen  
  32  3:07  Drone x2  
  32  3:12  Zergling x4  
  38  3:18  Zergling x4  
  40  3:22  Overlord  
  40  3:24  Drone  
  41  3:29  Drone  
  41  3:30  Drone  
  41  3:31  Baneling x3  
  43  3:37  Overlord  
  43  3:42  Evolution Chamber  
  42  3:49  Drone x5  
  46  3:56  Zergling x6  
  46  3:58  Drone  
  50  4:03  Drone x2  
  52  4:10  Roach Warren  
  52  4:15  Baneling  
  52  4:16  Drone x2  
  52  4:17  Drone  
  53  4:24  Drone, Overlord  
  53  4:25  Drone  
  53  4:26  Drone x2, Extractor  
  55  4:38  Overlord  
  54  4:42  Overlord  
  54  4:45  Zergling x12  
  58  4:54  Roach x3  
  61  5:01  Roach x3  
  61  5:06  Queen  
  64  5:14  Zergling x12  
  66  5:17  Zergling x4  
  70  5:25  Zergling x8  
  68  5:34  Zergling x6  
  68  5:37  Roach  
  68  5:42  Roach x4  
  71  5:48  Roach x2  
  70  5:52  Roach  
  68  5:57  Roach  
Show
View Real Time Build Order
Export as new Build Order

BlyOnFire Zerg - Winner!

Build Orders: Hatch First 

Get SALT Encoding   

  12  0:01  Drone  
  13  0:13  Overlord  
  13  0:19  Drone  
  14  0:32  Drone x2  
  16  0:47  Hatchery  
  15  0:50  Drone  
  15  0:54  Drone  
  17  0:57  Drone  
  18  1:08  Extractor  
  17  1:12  Spawning Pool  
  17  1:16  Drone  
  17  1:19  Drone  
  18  1:29  Drone  
  19  1:40  Drone  
  20  1:50  Overlord  
  20  1:59  Queen x2  
  20  2:00  Zergling x2  
  25  2:01  Zergling x2  
  26  2:11  Drone, Metabolic Boost  
  26  2:13  Drone  
  28  2:20  Drone  
  28  2:22  Drone  
  30  2:34  Hatchery  
  30  2:36  Zergling x2  
  30  2:44  Drone  
  31  2:45  Drone  
  32  2:52  Overlord  
  32  2:54  Overlord  
  32  3:01  Queen  
  34  3:11  Drone x2  
  36  3:13  Roach Warren, Drone  
  36  3:17  Zergling x2  
  37  3:21  Zergling x4  
  37  3:26  Zergling x4  
  41  3:32  Zergling x4  
  43  3:37  Overlord  
  43  3:40  Overlord  
  43  3:48  Overlord x2  
  43  4:00  Roach x4  
  53  4:02  Roach  
  53  4:07  Roach  
  53  4:18  Roach x3  
  59  4:32  Roach x4  
  59  4:33  Roach  
  69  4:40  Overlord  
  68  4:53  Zergling x14  
  71  5:02  Zergling x10  
  75  5:09  Zergling x8  
  79  5:15  Ravager  
  79  5:20  Zergling x6  
  79  5:21  Zergling x2  
  74  5:24  Ravager  
  68  5:34  Zergling x10  
  68  5:35  Zergling x4  
  72  5:42  Zergling x8  
  69  5:51  Zergling x6  
  69  5:55  Ravager  
Tags
 
Add a new tag
Caveats
  • Supply blocks, unpowered buildings, or Contaminate may cause inaccurate times.
  • Supply counts are checked every 10 seconds.